 Dungeon Crawl Stone Soup version 0.31-a0-466-g98c9adc2b6 (webtiles) character file.

Game seed: 16415625646950285825

2 Ofeo the Ruffian (level 1, 0/22 HPs)
             Began as a Demonspawn Shapeshifter on Aug 6, 2023.
             Succumbed to a kobold's poison
             ... on level 1 of the Dungeon.
             The game lasted 00:00:06 (26 turns).

Ofeo the Ruffian (Demonspawn Shapeshifter)            Turns: 26, Time: 00:00:06

Health: 0/22       AC: 20    Str: 15    XL:     1   Next: 25%
Magic:  1/1        EV:  2    Int:  9    God:
Gold:   0          SH:  0    Dex: 13    Spells: 0/0 levels left

rFire   . .          .
                       - Unarmed
rCold   . . .        (no shield)
rNeg    . . .        a - melded +0 animal skin
rPois   +            (helmet currently unavailable)
rElec   .            (cloak currently unavailable)
rCorr   .            (gloves currently unavailable)
SInv    .            (boots currently unavailable)
Will    .....        (no amulet)
Stlth   +            (no ring)
HPRegen 0.23/turn    (no ring)
MPRegen 0.07/turn

%: no passive effects
@: lethally poisoned (0 -> -11), tree-form
A: stationary, stasis, torment immunity, boosted hp
a: no special abilities


You were on level 1 of the Dungeon.
You were a tree.
You visited 1 branch of the dungeon, and saw 1 of its levels.

Inventory:

Armour
 a - a +0 animal skin (melded)
Talismans
 c - a beast talisman


   Skills:
 + Level 1.0 Fighting
 + Level 1.8 Dodging
 + Level 2.7 Unarmed Combat
 + Level 2.7 Shapeshifting


You couldn't memorise any spells.
You didn't know any spells.
Your spell library was empty.

Dungeon Overview and Level Annotations

Branches:
Dungeon (1/15)

Altars:

Annotations:
D:1 2 transporters


Message History

You take 3 damage, and have 12/15 hp.
You barely miss the kobold. You closely miss the kobold.
A rat comes into view.
The kobold hits you but does no damage.
You hit the kobold.
You kill the kobold!
The bat closely misses you.
Found a plate armour.
A goblin comes into view. It is wielding a +0 dagger.
The kobold hits you with a +1 short sword of venom.
You are poisoned.
The bat hits you but does no damage.
The giant cockroach bites you but does no damage.
Things that are here:
a +0 short sword; a stone You take 3 damage, and have 10/15 hp.
You hit the bat but do no damage. You punch the bat.
You kill the bat!
You feel sick.
The kobold hits you with a +1 short sword of venom.
You are lethally poisoned!
The giant cockroach bites you.
You take 5 damage, and have 5/15 hp.
MASSIVE DAMAGE!!
You are too injured to fight recklessly!
You are too injured to fight recklessly!
There is a lethal amount of poison in your body!
There is a lethal amount of poison in your body!
There is a lethal amount of poison in your body!
The giant cockroach attacks as you move away!
The giant cockroach barely misses you.
* * * LOW HITPOINT WARNING * * *
You feel very sick.
You take 4 damage, and have 1/15 hp.
MASSIVE DAMAGE!!
Really quaff the potion of lignification?
Your transformation has ended.
You turn into a tree.
Your +0 animal skin melds into your body.
Your roots penetrate the ground.
You die...

. ##.#
#..####
#..#..###.##
#.....##.#
#....#
##..###
###..##
#....#
#..##.# #.#
#♣# :.. #K#
##.[..†B..r#
#.#####g#.#
.. .# #.. ..
##. #. #. ..


You could see a giant cockroach, a goblin and a kobold.

Vanquished Creatures
  A bat (D:1)
  A kobold (D:1)
2 creatures vanquished.

Notes
Turn   | Place    | Note
-------+----------+-------------------------------------------
     0 | D:1      | Ofeo the Demonspawn Shapeshifter began the quest for the
                  | Orb.
     0 | D:1      | Reached XP level 1. HP: 15/15 MP: 1/1
    26 | D:1      | Succumbed to a kobold's poison

Illustrated notes

Levels and vault maps discovered:
D:1:      spicycebolla_arrival_transporter_tutorial, layout_rooms

Action                     || total
---------------------------++-------
  Melee: Unarmed           ||     5
         Punch             ||     1
    Use: Potion            ||     1
 Armour: Animal skin       ||     5
  Dodge: Dodged            ||     2

Table legend: (Time is in decaauts)
 A = Elapsed time spent in this place.
 B = Non-inter-level travel time spent in this place.
 C = Inter-level travel time spent in this place.
 D = Time resting spent in this place.
 E = Time spent auto-exploring this place.
 F = Levels seen in this place.
 G = Mean time per level.
                   A        B        C        D        E       F      G
               +--------+--------+--------+--------+--------+-----+--------+
         Total |     25 |     25 |      0 |      0 |     14 |   1 |   25.0 |
       Dungeon |     25 |     25 |      0 |      0 |     14 |   1 |   25.0 |
               +--------+--------+--------+--------+--------+-----+--------+

Top non-repeatable levels by time:
     D:1: 25 daAuts
